 Dungeon Crawl Stone Soup version 0.18.1-48-g4cf74bf (webtiles) character file.

86 WarriorsX the Skirmisher (level 4, -9/38 HPs)
             Began as a Human Fighter on Aug 3, 2016.
             Killed by divine providence
             ... invoked by an orc priest
              (10 damage)
             ... on level 3 of the Dungeon.
             The game lasted 00:03:40 (1802 turns).

WarriorsX the Skirmisher (Human Fighter)            Turns: 1802, Time: 00:03:41

Health: -9/38      AC:  9    Str: 15 (17) XL:     4   Next: 77%
Magic:  13/13      EV:  6    Int:  7 (8)  God:
Gold:   103        SH: 10    Dex: 10 (11) Spells: 0 memorised, 3 levels left

rFire  . . .     SeeInvis .     a - +0 long sword
rCold  . . .     Gourm    .     b - +0 scale mail
rNeg   . . .     Faith    .     c - +0 shield
rPois  .         Spirit   .     (no helmet)
rElec  .         Dismiss  .     (no cloak)
rCorr  .         Reflect  .     (no gloves)
SustAt .         Harm     .     x - +0 pair of boots
MR     .....                    s - amulet of rage
Stlth  ..........               w - ring of magical power
                                p - ring of flight

@: exhausted, slowed, very slow, not resistant to hostile enchantments,
extremely unstealthy
A: claws 1, large bone plates 1, clumsy 1, high mp 1
a: Evoke Berserk Rage, Evoke Flight


You were on level 3 of the Dungeon.
You were hungry.

You visited 1 branch of the dungeon, and saw 3 of its levels.

You collected 103 gold pieces.

Inventory:

Hand Weapons
 a - a +0 long sword (weapon)
Armour
 b - a +0 scale mail (worn)
 c - a +0 shield (worn)
 x - a +0 pair of boots (worn)
Jewellery
 p - a ring of flight (left claw)
 s - an amulet of rage (around neck)
 w - a ring of magical power (right claw)
Wands
 h - a wand of flame (39/48)
Scrolls
 e - a scroll of blinking {unknown}
 g - a scroll of fog {unknown}
 i - 4 scrolls of identify {unknown}
 j - a scroll of immolation {unknown}
 k - a scroll of enchant weapon {unknown}
 l - 4 scrolls of remove curse {unknown}
 n - 2 scrolls of fear {unknown}
 r - a scroll of random uselessness {unknown}
 t - 3 scrolls of teleportation {unknown}
 y - a scroll of recharging {unknown}
 A - a scroll of magic mapping {unknown}
Potions
 d - a potion of might
 m - 2 potions of curing {unknown}
 o - a potion of haste {unknown}
 u - 2 potions of heal wounds {unknown}
 v - a potion of flight {unknown}
 B - a potion of resistance {unknown}
Comestibles
 f - a bread ration
 q - a beef jerky


   Skills:
 + Level 4.3 Fighting
 + Level 3.2 Long Blades
 - Level 3.0 Armour
 - Level 3.0 Shields
 * Level 0.4 Evocations


You had 3 spell levels left.
You didn't know any spells.

Dungeon Overview and Level Annotations

Branches:
Dungeon (3/15)

Altars:
Zin


Innate Abilities, Weirdness & Mutations

You have sharp fingernails.
You are partially covered in large bone plates (AC +2, SH +2).
You are clumsy. (Dex -2)
You have an increased reservoir of magic (+10% MP).


Message History

The orc wizard is severely wounded.
You block the orc wizard's attack.
You barely miss the orc wizard.
The orc wizard is severely wounded.
You are no longer berserk.
You are exhausted.
You feel yourself slow down.
You are feeling hungry.
The orc priest mumbles some strange prayers to Beogh against you.
Beogh smites you!
* * * LOW HITPOINT WARNING * * *
You block the orc wizard's attack.
Things that are here:
a dagger; a leather armour The orc wizard gestures at you while chanting.
The puff of flame hits you!
* * * LOW HITPOINT WARNING * * *
The orc priest invokes the aid of Beogh against you.
Beogh smites you!
You die...

#.##.#####.# #. #
#.# #.# #. #.# #.#
#.
#.#####.########
#.
#............... #
##
..#####.########.#
..# ##.## #.## ..#
##...######...##
#..#
#.....@.oo.o...#
#....##.###....#
#.#.###.# #.#.#
.....# #.# .# #
###.### #.# # #>
#.# . ..# # ###


You could see an orc priest, an orc wizard and an orc.

Vanquished Creatures
  An adder (D:1)
  2 dart slugs (D:1)
  A giant gecko (D:1)
  12 orcs
  3 giant cockroaches
  6 hobgoblins
  7 jackals
  A ball python (D:3)
  9 bats
  2 giant newts
  6 kobolds
  5 rats
55 creatures vanquished.

Notes
Turn   | Place    | Note
--------------------------------------------------------------
     0 | D:1      | WarriorsX the Human Fighter began the quest for the Orb.
     0 | D:1      | Reached XP level 1. HP: 18/18 MP: 1/1
   148 | D:1      | Reached XP level 2. HP: 20/24 MP: 2/2
   405 | D:1      | Reached XP level 3. HP: 13/30 MP: 3/3
   511 | D:1      | Found a glowing silver altar of Zin.
   701 | D:1      | Reached skill level 4 in Fighting
   936 | D:1      | Gained mutation: You are weak. (Str -2) [potion of mutation]
   936 | D:1      | Lost mutation: You are weak. (Str -2) [potion of mutation]
   936 | D:1      | Gained mutation: You are partially covered in large bone plates (AC +2, SH +2). [potion of mutation]
   937 | D:1      | Gained mutation: You are clumsy. (Dex -2) [potion of mutation]
   937 | D:1      | Gained mutation: You have sharp fingernails. [potion of mutation]
   937 | D:1      | Gained mutation: You have an increased reservoir of magic (+10% MP). [potion of mutation]
  1367 | D:2      | Reached XP level 4. HP: 32/37 MP: 4/4
  1801 | D:3      | HP: 1/38 [orc wizard/puff of flame (5)]
  1802 | D:3      | Killed from afar by an orc priest

Skill      XL: |  1  2  3  4 |
---------------+-------------+-----
Fighting       | 4 |  4.3
Long Blades    | 3 |  3.2
Armour         | |  3.0
Shields        | |  3.0
Evocations     | |  0.4

Action                   |  1- 3 |  4- 6 || total
-------------------------+-------+-------++-------
Melee: Long sword        |   105 |    87 ||   192
 Abil: Evoke Berserk Rag |       |     1 ||     1
  Use: Potion            |     5 |       ||     5
  Eat: Chunk             |       |     4 ||     4
Armor: Scale mail        |    55 |    37 ||    92
Dodge: Dodged            |    40 |    20 ||    60
Block: Shield            |    80 |    57 ||   137
